 Dungeon Crawl Stone Soup version 0.21.1-1-g345015f (webtiles) character file.

49 tidbits the Magician (level 3, 0/25 HPs)
             Began as a Gnoll Wanderer on June 9, 2018.
             Slain by an adder (2 damage)
             ... on level 2 of the Dungeon.
             The game lasted 00:05:01 (323 turns).

tidbits the Magician (Gnoll Wanderer)                Turns: 323, Time: 00:05:02

Health: 0/25       AC:  2    Str: 12 (15) XL:     3   Next: 77%
Magic:  9/11       EV: 18    Int: 13 (14) God:
Gold:   39         SH:  0    Dex: 16 (19) Spells: 10/16 levels left

rFire    . . .     SeeInvis .   (weapon currently unavailable)
rCold    . . .     Gourm    .   (shield currently unavailable)
rNeg     . . .     Faith    .   (armour currently unavailable)
rPois    x         Spirit   .   (helmet currently unavailable)
rElec    .         Reflect  .   (cloak currently unavailable)
rCorr    .         Harm     .   (gloves currently unavailable)
MR       +....                  (boots currently unavailable)
Stlth    ++........             (no amulet)
HPRegen  0.08/turn              m - ring of protection from magic
MPRegen  0.12/turn              (no ring)

@: lethally poisoned (0 -> -9), spider-form
A: tiny, distributed training, strong nose
a: End Transformation


You were on level 2 of the Dungeon.
You were not hungry.
You were a venomous arachnid creature.
You visited 1 branch of the dungeon, and saw 3 of its levels.

You collected 39 gold pieces.

Inventory:

Hand Weapons
 e - a +0 club
 o - a +0 dagger (melded)
Armour
 d - a +0 robe (melded)
 l - a cursed +0 pair of gloves
Jewellery
 m - a ring of protection from magic (left front leg)
   (You took it off a kobold on level 2 of the Dungeon)
Wands
 g - a wand of random effects (12)
Scrolls
 i - a scroll of blinking {unknown}
 k - a scroll of identify {unknown}
 n - a scroll of teleportation {unknown}
Potions
 j - a potion of brilliance {unknown}
Books
 a - a book of Changes

   Spells                             Type                      Level
   a - Beastly Appendage              Transmutation                1
   b - Sticks to Snakes               Transmutation                2
   c - Spider Form                    Transmutation/Poison         3
   d - Ice Form                       Ice/Transmutation            4
   e - Blade Hands                    Transmutation                5
 b - Meuhogg's Disquisition on Weightlessness

   Spells                             Type                      Level
   a - Swiftness                      Charms/Air                   2
   b - Poisonous Vapours              Poison/Air                   2
 f - Inuunusi's Papyrus of the Snowflakes

   Spells                             Type                      Level
   a - Throw Frost                    Conjuration/Ice              2
   b - Ensorcelled Hibernation        Hexes/Ice                    2
Comestibles
 c - 7 rations


   Skills:
 + Level 0.9 Fighting
 + Level 0.9 Short Blades
 + Level 0.9 Long Blades
 + Level 0.9 Axes
 + Level 0.9 Maces & Flails
 + Level 0.9 Polearms
 + Level 0.9 Staves
 + Level 0.9 Slings
 + Level 0.9 Bows
 + Level 0.9 Crossbows
 + Level 2.6 Throwing
 + Level 0.9 Armour
 + Level 0.9 Dodging
 + Level 2.4 Stealth
 + Level 0.9 Shields
 + Level 0.9 Unarmed Combat
 + Level 7.1 Spellcasting
 + Level 2.1 Conjurations
 + Level 0.6 Hexes
 + Level 0.6 Charms
 + Level 0.6 Summonings
 + Level 0.6 Necromancy
 + Level 0.6 Translocations
 + Level 2.1 Transmutations
 + Level 0.6 Fire Magic
 + Level 0.6 Ice Magic
 + Level 2.1 Air Magic
 + Level 0.6 Earth Magic
 + Level 3.8 Poison Magic
 + Level 1.0 Invocations
 + Level 0.9 Evocations


You had 10 spell levels left.
You knew the following spells:

 Your Spells              Type           Power        Failure   Level  Hunger
e - Beastly Appendage     Tmut           ##....       17%         1    None
k - Sticks to Snakes      Tmut           ##......     24%         2    #......
p - Spider Form           Tmut/Pois      ##........   30%         3    ##.....


Dungeon Overview and Level Annotations

Branches:
Dungeon (3/15)

Altars:

Annotations:
D:2 Jessica


Innate Abilities, Weirdness & Mutations

Your experience applies equally to all skills.
((You have very sharp teeth.))
Your uncanny sense of smell can sniff out nearby items.


Message History

The kobold is severely wounded.
The kobold closely misses you.
You hit the kobold but do no damage.
The kobold looks as sick as possible!
The kobold is severely wounded.
You kill the kobold!
You barely miss the rat.
Your transformation is almost over.
The rat barely misses you.
You hit the rat.
You kill the rat!
Found a ration.
Things that are here:
8 gold pieces; a jackal corpse You now have 15 gold pieces (gained 8).
You see here a ration.
c - 7 rations (gained 1)
Your transformation has ended.
Your +0 robe unmelds from your body.
Found 9 gold pieces.
You see here 9 gold pieces.
You now have 24 gold pieces (gained 9).
A kobold comes into view. It is wielding a club.
Casting: Spider Form
Confirm with . or Enter, or press ? or * to list all spells.
You turn into a venomous arachnid creature.
Your +0 robe melds into your body.
You hit the kobold.
The kobold is moderately wounded.
The kobold barely misses you.
You hit the kobold but do no damage.
The kobold is poisoned.
The kobold is moderately wounded.
You kill the kobold!
Things that are here:
a club; a blackened bronze ring; a scroll labeled GARUTT QELO
m - a blackened bronze ring;
n - a scroll labeled GARUTT QELO Put on which piece of jewellery? (? for menu, Esc to quit)
m - a ring of protection from magic (left front leg) Put on which piece of jewellery? (? for menu, Esc to quit)
Okay, then.
A bat comes into view.
Your transformation is almost over.
Found 15 gold pieces.
The helpless bat fails to defend itself.
You hit the bat.
You kill the bat!
You see here a bat corpse.
Your transformation has ended.
Your +0 robe unmelds from your body.
Found a dagger.
You see here 15 gold pieces.
You now have 39 gold pieces (gained 15).
An adder comes into view.
You see here a dagger.
o - a dagger Wield which item (- for none, * to show all)? (? for menu, Esc to quit)
o - a +0 dagger (weapon)
The adder hisses angrily.
Casting: Spider Form
Confirm with . or Enter, or press ? or * to list all spells.
You don't have anything to turn into a snake.
Unknown command.
Casting: Sticks to Snakes
Confirm with . or Enter, or press ? or * to list all spells.
You turn into a venomous arachnid creature.
Your +0 dagger melds into your body.
Your +0 robe melds into your body.
Found a club.
Put on which piece of jewellery? (? for menu, Esc to quit)
Okay, then.
The adder bites you.
You are poisoned.
The adder poisons you!
You barely miss the adder.
You feel sick. The adder closely misses you.
You barely miss the adder.
You feel sick. The adder closely misses you.
You closely miss the adder. The adder bites you. The adder barely misses you.
You completely miss the adder. The adder bites you.
You closely miss the adder.
You feel sick. The adder closely misses you.
You closely miss the adder. The adder bites you.
* * * LOW HITPOINT WARNING * * *
You hit the adder.
The adder is poisoned.
The adder is moderately wounded.
You feel sick. The adder barely misses you. The adder bites you.
* * * LOW HITPOINT WARNING * * *
You are lethally poisoned!
The adder poisons you!
You barely miss the adder.
The adder is moderately wounded.
The adder bites you.
* * * LOW HITPOINT WARNING * * *
You hit the adder.
The adder looks as sick as possible!
The adder is heavily wounded.
* * * LOW HITPOINT WARNING * * *
You feel sick. The adder misses you.
It was a potion of degeneration.
There was something very wrong with that liquid.
You feel weakened.
You feel dopey.
You feel clumsy.
* * * LOW HITPOINT WARNING * * *
You feel sick. The adder bites you.
* * * LOW HITPOINT WARNING * * *
The adder bites you.
You die...

##############
#.......†....#
#.##########.##
#.............###
#####.)##...........#
.......#
.######..#.......
######.# #..########
#.# #s.# #.# #S.# #
#.# #...# . #.# ##..#
#.# #..# #..# ..# )..


You could see an adder.

Vanquished Creatures
  Natasha (D:2)
  A worm (D:2)
  2 goblins (D:2)
  2 hobgoblins
  7 jackals (D:2)
  3 bats
  A frilled lizard (D:2)
  3 kobolds
  2 rats (D:2)
22 creatures vanquished.

Notes
Turn   | Place    | Note
-------+----------+-------------------------------------------
     0 | D:1      | tidbits the Gnoll Wanderer began the quest for the Orb.
     0 | D:1      | tidbits set off with: a book of Changes, Meuhogg's Disquisition on Weightlessness, Inuunusi's Papyrus of the Snowflakes, a +0 robe, a +0 club, a ration
     0 | D:1      | Reached XP level 1. HP: 13/13 MP: 8/8
     0 | D:1      | Identified Meuhogg's Disquisition on Weightlessness
     0 | D:1      | Identified Inuunusi's Papyrus of the Snowflakes
     2 | D:1      | Learned a level 1 spell: Beastly Appendage
    97 | D:2      | Noticed Jessica
   125 | D:2      | Reached skill level 2 in Conjurations
   125 | D:2      | Reached skill level 2 in Transmutations
   125 | D:2      | Reached skill level 2 in Air Magic
   164 | D:2      | Noticed Natasha
   167 | D:2      | Reached XP level 2. HP: 17/19 MP: 8/10
   167 | D:2      | Killed Natasha
   167 | D:2      | Reached XP level 3. HP: 22/25 MP: 8/11
   181 | D:2      | Reached skill level 1 in Invocations
   204 | D:2      | Learned a level 2 spell: Sticks to Snakes
   208 | D:2      | Learned a level 3 spell: Spider Form
   323 | D:2      | HP: 2/25 [adder (1)]
   323 | D:2      | Slain by an adder

Skill      XL: |  1  2  3 |
---------------+----------+-----
Conjurations   | 2 |  2.1
Transmutations | 2 |  2.1
Air Magic      | 2 |  2.1
Invocations    | 1 |  1.0
Fighting       | |  0.9
Short Blades   | |  0.9
Long Blades    | |  0.9
Axes           | |  0.9
Maces & Flails | |  0.9
Polearms       | |  0.9
Staves         | |  0.9
Slings         | |  0.9
Bows           | |  0.9
Crossbows      | |  0.9
Throwing       | |  2.6
Armour         | |  0.9
Dodging        | |  0.9
Stealth        | |  2.4
Shields        | |  0.9
Unarmed Combat | |  0.9
Spellcasting   | |  7.1
Hexes          | |  0.6
Charms         | |  0.6
Summonings     | |  0.6
Necromancy     | |  0.6
Translocations | |  0.6
Fire Magic     | |  0.6
Ice Magic      | |  0.6
Earth Magic    | |  0.6
Poison Magic   | |  3.8
Evocations     | |  0.9

Action                   || total
-------------------------++-------
Melee: Club              ||    19
       Headbutt          ||     2
       Bite              ||     2
       Kick              ||     1
       Unarmed           ||    34
 Cast: Beastly Appendage ||     5
       Spider Form       ||     3
Evoke: Wand              ||     6
  Use: Potion            ||     2
 Stab: Paralysed         ||     1
       Sleeping          ||     1
Armor: Robe              ||     4
       Skin              ||     8
Dodge: Dodged            ||    31

Table legend:
 A = Turns spent in this place as a percentage of turns spent in the entire game.
 B = Non-inter-level travel turns spent in this place as a percentage of non-inter-level travel turns spent in the entire game.
 C = Inter-level travel turns spent in this place as a percentage of turns spent in this place.
 D = Turns resting spent in this place as a percentage of non-inter-level travel turns spent in this place.
 E = Turns spent auto-exploring this place as a percentage of non-inter-level travel turns spent in this place.
 F = Non-inter-level travel turns spent in this place divided by the number of levels of this place that you've seen.
                   A       B       C       D       E      F
               +-------+-------+-------+-------+-------+----------------------
         Total | 100.0 | 100.0 |   0.0 |   0.0 |   0.0 | 107.7
       Dungeon | 100.0 | 100.0 |   0.0 |   0.0 |   0.0 | 107.7
               +-------+-------+-------+-------+-------+----------------------

Table legend:
 A = Kills in this place as a percentage of kills in entire the game.
 B = Kills by you in this place as a percentage of kills by you in the entire game.
 C = Kills by friends in this place as a percentage of kills by friends in the entire game.
 D = Other kills in this place as a percentage of other kills in the entire game.
 E = Experience gained in this place as a percentage of experience gained in the entire game.
 F = Experience gained in this place divided by the number of levels of this place that you have seen.
                   A       B       C       D       E      F
               +-------+-------+-------+-------+-------+----------------------
         Total | 100.0 | 100.0 |   N/A |   N/A | 100.0 |  23.7
       Dungeon | 100.0 | 100.0 |   N/A |   N/A | 100.0 |  23.7
               +-------+-------+-------+-------+-------+----------------------

Vault maps used:
D:1:      dpeg_arrival_rooms_with_view
D:2:      first_ration, uniq_natasha, uniq_jessica, uniq_sigmund
